[Event "Titled Tuesday Blitz May 23 Early 2023"]
[White "Svane, Frederik"]
[Black "Molina, Roberto Junio Brito"]
[WhiteFideId "12923044"]
[BlackFideId "2109450"]
[WhiteElo "2502"]
[BlackElo "2376"]
[Result "0-1"]
[Round "11"]
[TimeControl "180+2"]
[Date "2023.05.23"]
[WhiteClock "0:00:00"]
[BlackClock "0:00:34"]

1. c4 c6 2. e4 d5 3. exd5 cxd5 4. d4 Nf6 5. Nc3 e6 6. Nf3 Be7 7. cxd5 Nxd5 8. Bd3 O-O 9. O-O Nc6 10. Re1 Nf6 11. a3 b6 12. Bc2 Ba6 13. Bg5 Rc8 14. Qd2 Nd5 15. Ne4 Bxg5 16. Nexg5 h6 17. Ne4 Qc7 18. Rac1 Qf4 19. Qd1 Rfd8 20. g3 Qg4 21. b4 Nf4 22. Ned2 Nh3+ 23. Kg2 Nxd4 24. Nxd4 Qxd4 25. Nf3 Qf6 0-1


[Site "https://www.chess.com"]

[Event "Titled Tuesday Blitz May 23 Early 2023"]
[White "Alex_Sahakyan2006"]
[Black "Kramnik, Vladimir"]
[BlackFideId "4101588"]
[WhiteElo "2699"]
[BlackElo "2703"]
[Result "0-1"]
[Round "11"]
[TimeControl "180+2"]
[Date "2023.05.23"]
[WhiteClock "0:00:11"]
[BlackClock "0:00:18"]

1. d4 Nf6 2. Nf3 e6 3. Bf4 b6 4. e3 Be7 5. Bd3 Bb7 6. O-O O-O 7. h3 c5 8. c3 d5 9. Ne5 Nc6 10. Nxc6 Bxc6 11. Nd2 b5 12. dxc5 Bxc5 13. Nb3 Be7 14. Nd4 Qb6 15. Nxc6 Qxc6 16. Qb3 a6 17. a4 bxa4 18. Qxa4 Qb6 19. Ra2 Bd6 20. Bg5 Be5 21. Rfa1 Rfb8 22. Qh4 h6 23. Bf4 Bxf4 24. Qxf4 Qd8 25. b4 Rc8 26. Qd4 Qc7 27. Rxa6 e5 28. Qh4 Rxa6 29. Bxa6 Qxc3 30. Rf1 Rb8 31. b5 Qc5 32. Qa4 Ne4 33. Qa1 Nc3 34. Kh1 d4 35. exd4 exd4 36. Rc1 Qb4 37. Rc2 Rd8 38. Qf1 d3 39. Rd2 Ne4 40. Ra2 d2 41. Ra1 d1=Q 42. Rxd1 Rxd1 0-1


[Site "https://www.chess.com"]

[Event "Titled Tuesday Blitz May 23 Early 2023"]
[White "Sarana, Alexey"]
[Black "Gharibyan, Mamikon"]
[WhiteFideId "24133795"]
[BlackFideId "13308300"]
[WhiteElo "2714"]
[BlackElo "2445"]
[Result "1-0"]
[Round "11"]
[TimeControl "180+2"]
[Date "2023.05.23"]
[WhiteClock "0:00:01"]
[BlackClock "0:00:00"]

1. c4 e5 2. Nf3 Nc6 3. Nc3 Nf6 4. e3 a6 5. Bd3 g6 6. Bc2 Bg7 7. d4 exd4 8. exd4 O-O 9. O-O d5 10. cxd5 Nxd5 11. Bb3 Nb6 12. Bg5 Bf6 13. Bxf6 Qxf6 14. Ne4 Qf4 15. Qe2 Bg4 16. Qe3 Qxe3 17. fxe3 Kg7 18. Nc5 Rab8 19. Ng5 Nd8 20. Rf4 Bc8 21. Raf1 f6 22. Nge4 f5 23. Nc3 Nd7 24. Nd3 Nf6 25. e4 Ne6 26. Bxe6 Bxe6 27. d5 Bg8 28. exf5 Rbd8 29. fxg6 hxg6 30. Nc5 Nxd5 31. Nxb7 Nxc3 32. bxc3 Rxf4 33. Rxf4 Rd3 34. c4 Rc3 35. Na5 Ra3 36. Nc6 Rxa2 37. h4 Ra4 38. Ne5 Ra5 39. Nd3 Rf5 40. Rd4 a5 41. c5 Bb3 42. Rd7+ Rf7 43. Rd8 a4 44. Ne5 Rf5 45. Nd3 1-0


[Site "https://www.chess.com"]

[Event "Titled Tuesday Blitz May 23 Early 2023"]
[White "Svane, Rasmus"]
[Black "Matinian, Nikita"]
[WhiteFideId "4657101"]
[BlackFideId "24129100"]
[WhiteElo "2601"]
[BlackElo "2422"]
[Result "1-0"]
[Round "11"]
[TimeControl "180+2"]
[Date "2023.05.23"]
[WhiteClock "0:01:28"]
[BlackClock "0:00:02"]

1. Nf3 g6 2. e4 Bg7 3. d4 d6 4. Bd3 e5 5. dxe5 dxe5 6. O-O c6 7. Be3 Bg4 8. Nbd2 Nd7 9. h3 Bxf3 10. Qxf3 Ngf6 11. Rfd1 Qe7 12. a4 Nc5 13. Bc4 O-O 14. a5 Rfd8 15. b4 Ne6 16. c3 h5 17. Nb3 Nd7 18. Rd2 Nf4 19. Rad1 h4 20. Nc5 Nxc5 21. Bxc5 Qe8 22. Rxd8 Rxd8 23. Bxa7 Bh6 24. Bb6 Rd7 25. Qg4 Rxd1+ 26. Qxd1 Bg5 27. g3 hxg3 28. fxg3 Nh5 29. Qg4 Qe7 30. h4 Bd2 31. Qxg6+ Ng7 32. h5 Kh8 33. Bxf7 Qd7 34. h6 Be3+ 35. Bxe3 Qd1+ 36. Kg2 Qe2+ 37. Bf2 1-0


[Site "https://www.chess.com"]

[Event "Titled Tuesday Blitz May 23 Early 2023"]
[White "Nazari, Arad"]
[Black "Quesada Perez, Yuniesky"]
[WhiteFideId "12577324"]
[BlackFideId "3504409"]
[WhiteElo "2175"]
[BlackElo "2585"]
[Result "0-1"]
[Round "11"]
[TimeControl "180+2"]
[Date "2023.05.23"]
[WhiteClock "0:00:00"]
[BlackClock "0:00:15"]

1. e4 c5 2. Nf3 e6 3. d4 cxd4 4. Nxd4 Nc6 5. Nc3 a6 6. Be3 Nf6 7. Qf3 Bb4 8. Nxc6 bxc6 9. Qg3 Nxe4 10. Qxg7 Qf6 11. Qxf6 Nxf6 12. Bd4 Ke7 13. a3 Ba5 14. O-O-O Rg8 15. h3 d5 16. g4 Rb8 17. Bd3 Bb6 18. Be5 Ra8 19. f4 h6 20. Na4 Be3+ 21. Kb1 Nd7 22. Bh7 Nxe5 23. Bxg8 Bxf4 24. Rhf1 Bg5 25. Rde1 f6 26. Rxe5 fxe5 27. Rf7+ Kd6 28. c4 c5 29. Nb6 Rb8 30. Rf8 Rxb6 31. Rxc8 e4 32. Kc2 d4 33. Re8 d3+ 34. Kd1 Ke5 35. b4 e3 36. bxc5 e2+ 37. Ke1 Rb1+ 0-1


[Site "https://www.chess.com"]

[Event "Titled Tuesday Blitz May 23 Early 2023"]
[White "Galchenko, Matvey"]
[Black "Volkov, Maksim"]
[WhiteFideId "24175480"]
[BlackFideId "54123070"]
[WhiteElo "2423"]
[BlackElo "2297"]
[Result "1-0"]
[Round "11"]
[TimeControl "180+2"]
[Date "2023.05.23"]
[WhiteClock "0:01:10"]
[BlackClock "0:00:00"]

1. f4 d5 2. Nf3 c5 3. g3 Nf6 4. Bg2 b5 5. a4 b4 6. O-O e6 7. d3 Bb7 8. a5 a6 9. Ne5 Nbd7 10. e3 Nxe5 11. fxe5 Nd7 12. d4 Be7 13. c4 bxc3 14. Nxc3 O-O 15. Qg4 Kh8 16. Bd2 Rb8 17. Ne2 Bc6 18. Bc3 f5 19. exf6 Nxf6 20. Qxe6 Bd7 21. Qe5 Bb5 22. Rae1 Ng4 23. Rxf8+ Qxf8 24. Qf4 Qxf4 25. Nxf4 Bg5 26. Nxd5 Bc4 27. Nf4 cxd4 28. Bxd4 Kg8 29. Rc1 Bf7 30. Rc6 Bf6 31. Rxa6 Bxd4 32. exd4 Ne3 33. Ra8 1-0


[Site "https://www.chess.com"]

[Event "Titled Tuesday Blitz May 23 Early 2023"]
[White "Hansen, Eric"]
[Black "Weetik, Vjacheslav"]
[WhiteFideId "2606771"]
[BlackFideId "4153472"]
[WhiteElo "2561"]
[BlackElo "2469"]
[Result "0-1"]
[Round "11"]
[TimeControl "180+2"]
[Date "2023.05.23"]
[WhiteClock "0:00:00"]
[BlackClock "0:00:05"]

1. f4 d5 2. Nf3 g6 3. g3 Bg7 4. Bg2 Nf6 5. O-O O-O 6. d3 c5 7. Nc3 d4 8. Na4 Nfd7 9. c4 Nc6 10. Bd2 Qc7 11. a3 a5 12. Ng5 b6 13. Rb1 h6 14. Nf3 Bb7 15. e4 dxe3 16. Bxe3 Rfd8 17. Nc3 Nf6 18. h3 e6 19. Qe2 Nh5 20. Kh2 Rd7 21. Nb5 Qd8 22. Rbd1 Qe7 23. Nc3 Rad8 24. Na4 e5 25. f5 e4 26. dxe4 Rxd1 27. Rxd1 Rxd1 28. Qxd1 Qxe4 29. Bf2 Qxf5 30. Qd6 Kh7 31. Qc7 Nd4 32. Qxb7 Be5 0-1


[Site "https://www.chess.com"]

[Event "Titled Tuesday Blitz May 23 Early 2023"]
[White "Suyarov, Mukhammadzokhid"]
[Black "Gorovets, Andrey"]
[WhiteFideId "14210495"]
[BlackFideId "13504037"]
[WhiteElo "2361"]
[BlackElo "2459"]
[Result "0-1"]
[Round "11"]
[TimeControl "180+2"]
[Date "2023.05.23"]
[WhiteClock "0:00:33"]
[BlackClock "0:00:11"]

1. d4 e6 2. Nc3 Bb4 3. Bf4 Nf6 4. e3 Ne4 5. Ne2 g5 6. Be5 f6 7. Bg3 h5 8. h4 g4 9. a3 Bxc3+ 10. Nxc3 Nxg3 11. fxg3 d5 12. e4 Qd6 13. Qd3 f5 14. exf5 exf5 15. Qe3+ Kf7 16. O-O-O c6 17. Bd3 Qh6 18. Qxh6 Rxh6 19. Rhf1 Rf6 20. Ne2 Nd7 21. Nf4 Rh6 22. Bxf5 Nf6 23. Bxc8 Rxc8 24. Rde1 Re8 25. Re5 Rxe5 26. dxe5 Ne4 27. Nxd5+ Ke6 28. Nf4+ Kxe5 29. Ne2 Rf6 30. Rxf6 Kxf6 31. c3 c5 32. c4 Ke5 33. b3 Nf6 34. Kd2 Ke4 35. Nf4 a6 36. Ne2 a5 37. Nc3+ Kd4 38. Nb5+ Ke5 39. Nc3 Ne4+ 40. Kd3 Nxc3 41. Kxc3 Ke4 42. b4 b6 43. Kb3 Kd4 44. b5 Kd3 45. Ka4 Ke2 46. Kb3 Kf2 47. Kc3 Kxg3 48. Kb3 Kxg2 0-1


[Site "https://www.chess.com"]

[Event "Titled Tuesday Blitz May 23 Early 2023"]
[White "Samunenkov, Ihor"]
[Black "Sattarov, Bobir"]
[WhiteFideId "14187086"]
[BlackFideId "14203081"]
[WhiteElo "2457"]
[BlackElo "2351"]
[Result "1-0"]
[Round "11"]
[TimeControl "180+2"]
[Date "2023.05.23"]
[WhiteClock "0:00:06"]
[BlackClock "0:00:00"]

1. d4 Nf6 2. Nf3 d5 3. c4 e6 4. g3 dxc4 5. Bg2 Nbd7 6. O-O Bd6 7. a4 O-O 8. Nfd2 Qe7 9. Nxc4 Rd8 10. a5 a6 11. Nc3 h6 12. Qb3 e5 13. Nxd6 cxd6 14. dxe5 dxe5 15. Be3 Nf8 16. Rfd1 Rd7 17. Na4 Ng4 18. Bc5 Qe8 19. Nb6 Rxd1+ 20. Rxd1 Be6 21. Qd3 Rb8 22. Qd6 Ng6 23. Qc7 Kh7 24. Bxb7 Rxb7 25. Qxb7 Qb5 26. b4 Qxe2 27. Rc1 e4 28. Nd5 N4e5 29. Nc3 Qd2 30. Be3 Nf3+ 31. Kg2 Qb2 32. Qxe4 Ne5 33. Qb1 Qa3 34. Bc5 Nd3 35. Rc2 Nxc5 36. bxc5 Qxc5 37. Qb6 Qc4 38. Rc1 Ne5 39. Qe3 Nd3 40. Rd1 Nb4 41. Qe4+ Qxe4+ 42. Nxe4 Bd5 43. Rd4 f5 44. Rxb4 Bxe4+ 45. f3 Bc6 46. Rb6 Bd5 47. Rxa6 g5 48. Kf2 g4 49. fxg4 fxg4 50. Rb6 Bf3 51. a6 h5 52. a7 h4 53. gxh4 g3+ 54. Kxf3 gxh2 55. Kg2 h1=Q+ 56. Kxh1 Kg7 57. a8=Q 1-0


[Site "https://www.chess.com"]

[Event "Titled Tuesday Blitz May 23 Early 2023"]
[White "Bryakin, Mikhail"]
[Black "Zhu, Jiner"]
[WhiteFideId "4165314"]
[BlackFideId "8608059"]
[WhiteElo "2467"]
[BlackElo "2384"]
[Result "1/2-1/2"]
[Round "11"]
[TimeControl "180+2"]
[Date "2023.05.23"]
[WhiteClock "0:00:25"]
[BlackClock "0:00:13"]

1. Nf3 Nf6 2. g3 g6 3. Bg2 Bg7 4. O-O O-O 5. b3 d5 6. Bb2 c5 7. e3 Nc6 8. c4 d4 9. exd4 cxd4 10. d3 Re8 11. a3 a5 12. Re1 Qd6 13. Nbd2 e5 14. Ng5 Bf5 15. Nge4 Nxe4 16. Nxe4 Qc7 17. Qd2 Qe7 18. h4 h6 19. Rac1 Be6 20. f4 f5 21. Nf2 Rad8 22. Nh3 Qc7 23. fxe5 Nxe5 24. Nf4 Bf7 25. Nd5 Qd6 26. b4 Ng4 27. Qf4 Be5 28. Rxe5 Qxe5 29. Bxd4 Qxf4 30. gxf4 axb4 31. axb4 Re2 32. Rd1 Ra8 33. Nc3 Rc2 34. Bxb7 Rd8 35. Bd5 Bxd5 36. Nxd5 Ra8 37. Nc3 Ra3 38. b5 Raxc3 39. Bxc3 Rxc3 40. Rb1 Nf6 41. b6 Nd7 42. b7 Nb8 43. Rb5 Kf7 44. Rc5 Rb3 45. Rc7+ Ke6 46. c5 Na6 47. Rc6+ Kd5 48. Rxa6 Rxb7 49. Rxg6 Kxc5 50. Rxh6 Kd4 51. Kf2 Kxd3 52. Kf3 Kd4 53. Rd6+ Kc5 54. Rd3 Kc4 55. Re3 Kd4 56. Ra3 Rb1 57. Ra4+ Kd5 58. Ra5+ Ke6 59. Ra6+ Kf7 60. Ke3 Re1+ 61. Kf3 Rb1 62. Rh6 Rb3+ 63. Ke2 Rh3 64. Rh5 Kg6 65. Rh8 Kf6 66. Rh6+ Kg7 67. Rh5 Kg6 68. Rg5+ Kf6 69. h5 Kf7 70. Rxf5+ Ke6 71. Re5+ Kf6 72. Kf2 Kg7 73. Kg2 Rb3 74. Ra5 Kh6 75. Kf2 Rc3 76. Re5 Rb3 77. Rc5 Rh3 78. Rf5 Rxh5 79. Rxh5+ Kxh5 80. Ke3 Kg6 81. Ke4 Kf6 82. f5 Kf7 83. Kf4 Kf6 84. Kg4 Kf7 85. Kg3 Kf6 86. Kf4 Kf7 87. Ke5 Ke7 88. Ke4 Kf6 89. Kf4 Kf7 90. Kg5 Kg7 91. f6+ Kf7 92. Kf5 Kf8 93. Ke4 Kf7 94. Ke5 Kf8 95. Kf5 Kf7 96. Kg5 Kf8 97. Kg6 Kg8 98. Kf5 Kf7 99. Ke5 Kf8 100. Ke6 Ke8 101. Kd5 Kf7 102. Ke5 1/2-1/2


[Site "https://www.chess.com"]

[Event "Titled Tuesday Blitz May 23 Early 2023"]
[White "Fernandez Guillen, Ernesto J."]
[Black "Weishaeutel, Moritz"]
[WhiteFideId "3512428"]
[BlackFideId "12967300"]
[WhiteElo "2429"]
[BlackElo "2301"]
[Result "1-0"]
[Round "11"]
[TimeControl "180+2"]
[Date "2023.05.23"]
[WhiteClock "0:01:23"]
[BlackClock "0:00:15"]

1. e4 e5 2. Nf3 Nf6 3. Bc4 Nxe4 4. d4 d5 5. Qe2 exd4 6. O-O Bc5 7. Nbd2 O-O 8. Nxe4 dxe4 9. Qxe4 Nc6 10. Ng5 g6 11. Qf4 Qd7 12. Nxh7 Kxh7 13. Qh6+ Kg8 14. Qxg6+ Kh8 15. Qf6+ Kh7 16. Bd3+ Kg8 17. Qg5+ Kh8 18. Qh6+ Kg8 19. Qh7# 1-0


[Site "https://www.chess.com"]

[Event "Titled Tuesday Blitz May 23 Early 2023"]
[White "Al-Tarboush, Ward"]
[Black "Djordjevic, Vuk"]
[WhiteFideId "7601450"]
[BlackFideId "902098"]
[WhiteElo "2265"]
[BlackElo "2452"]
[Result "0-1"]
[Round "11"]
[TimeControl "180+2"]
[Date "2023.05.23"]
[WhiteClock "0:00:00"]
[BlackClock "0:00:10"]

1. e4 e6 2. d4 d5 3. exd5 exd5 4. Bd3 Bd6 5. Nc3 c6 6. Nge2 Nf6 7. Bg5 O-O 8. Qd2 b5 9. O-O-O a5 10. Rdg1 a4 11. g4 b4 12. Nd1 Nbd7 13. Ne3 Ba6 14. Nf5 Qc7 15. Bh6 Bxd3 16. Bxg7 Bxe2 17. Qxe2 Ne4 18. Bxf8 Bf4+ 19. Kb1 Nxf8 20. f3 Nd2+ 21. Ka1 Ne6 22. Qd3 b3 23. Re1 bxc2 24. Qxc2 Nb3+ 25. Kb1 Nbxd4 26. Nxd4 Nxd4 27. Qd3 Qb6 28. Rd1 c5 29. Rhe1 Rb8 30. Qc3 Bh6 31. Rf1 Bg7 32. Rf2 Ne2 0-1


[Site "https://www.chess.com"]

[Event "Titled Tuesday Blitz May 23 Early 2023"]
[White "djokovic74"]
[Black "Karthik Rajaa"]
[BlackFideId "25035215"]
[WhiteElo "2625"]
[BlackElo "2215"]
[Result "1-0"]
[Round "11"]
[TimeControl "180+2"]
[Date "2023.05.23"]
[WhiteClock "0:00:26"]
[BlackClock "0:00:42"]

1. e4 Nf6 2. e5 Nd5 3. d4 d6 4. c4 Nb6 5. exd6 exd6 6. Nf3 Be7 7. Nc3 O-O 8. Be2 Bg4 9. b3 Nc6 10. O-O Bf6 11. Be3 Re8 12. Qd2 Ne7 13. h3 Bh5 14. g4 Bg6 15. g5 Nf5 16. gxf6 Nxe3 17. fxe3 Qxf6 18. Bd3 Bh5 19. Qf2 Qh6 20. Rae1 c6 21. Ne4 Bg6 22. Nh2 Qxh3 23. Nxd6 Re6 24. Bf5 Bxf5 25. Nxf5 Rg6+ 26. Kh1 Re8 27. Nh6+ Kh8 28. Nxf7+ Kg8 29. Nh6+ 1-0


[Site "https://www.chess.com"]

[Event "Titled Tuesday Blitz May 23 Early 2023"]
[White "Papasimakopoulos, Alexandros"]
[Black "Chan, Luis"]
[WhiteFideId "4244125"]
[BlackFideId "3216357"]
[WhiteElo "2359"]
[BlackElo "2127"]
[Result "1-0"]
[Round "11"]
[TimeControl "180+2"]
[Date "2023.05.23"]
[WhiteClock "0:01:16"]
[BlackClock "0:00:00"]

1. d4 d6 2. Nf3 Nf6 3. c4 g6 4. Nc3 Bf5 5. Nh4 Bd7 6. e4 Bg7 7. Nf3 O-O 8. Be2 Nc6 9. d5 Nb8 10. e5 dxe5 11. Nxe5 Bf5 12. O-O Nbd7 13. Bf4 a6 14. Re1 Nxd5 15. Nxd7 Nxc3 16. bxc3 Bxd7 17. Qb3 Bc6 18. Rad1 Qc8 19. c5 Qf5 20. Bxc7 Qxc5 21. Bb6 Qxc3 22. Bf3 Bxf3 23. gxf3 e6 24. Qxc3 Bxc3 25. Re3 Rac8 26. Rd7 Rc6 27. Rxb7 Rfc8 28. Rd3 Bf6 29. Rdd7 Rf8 30. Ba5 Rc1+ 31. Kg2 Rc2 32. Bb4 Rfc8 33. Rxf7 Bd4 34. Rfd7 Rxf2+ 35. Kg3 1-0


[Site "https://www.chess.com"]

[Event "Titled Tuesday Blitz May 23 Early 2023"]
[White "Madaminov, Mukhiddin"]
[Black "Dehtiarov, Roman"]
[WhiteFideId "14210703"]
[BlackFideId "14186640"]
[WhiteElo "2511"]
[BlackElo "2189"]
[Result "1-0"]
[Round "11"]
[TimeControl "180+2"]
[Date "2023.05.23"]
[WhiteClock "0:00:18"]
[BlackClock "0:00:02"]

1. d4 Nf6 2. Nc3 d5 3. Bf4 Bf5 4. f3 c6 5. g4 Bg6 6. h4 h5 7. g5 Nfd7 8. e3 e6 9. Bd3 Bxd3 10. Qxd3 g6 11. Nge2 Na6 12. O-O-O Nb6 13. Be5 Nb4 14. Bxh8 Nxd3+ 15. cxd3 c5 16. Kb1 c4 17. e4 cxd3 18. Rxd3 Rc8 19. Nf4 Bd6 20. Bf6 Qd7 21. Nfe2 Bb4 22. Rc1 Be7 23. b3 Ba3 24. Rc2 a5 25. Nf4 Bd6 26. Nfe2 a4 27. Nd1 Rxc2 28. Kxc2 dxe4 29. fxe4 Qc6+ 30. Nec3 axb3+ 31. axb3 Nd7 32. Bg7 b5 33. d5 exd5 34. exd5 Qa6 35. Nb2 b4 36. Ne4 Be5 37. Bxe5 Nxe5 38. Re3 Kd8 39. Nf6 Qc8+ 40. Kb1 Qf5+ 41. Ka2 Qf4 42. Re4 Qf5 43. Nc4 Nxc4 44. bxc4 Qf2+ 45. Kb3 Qd2 46. Ka4 Kc7 47. c5 Qc2+ 48. Kb5 Qd3+ 49. Kxb4 Qd2+ 50. Kc4 Qc2+ 51. Kd4 Qb2+ 52. Kd3 Qb1+ 53. Ke3 Qe1+ 54. Kf3 Qf1+ 55. Ke3 Qe1+ 56. Kd4 Qa1+ 57. Kc4 Qc1+ 58. Kb5 Qf1+ 59. Rc4 Qb1+ 60. Ka4 Qa2+ 61. Kb5 Qb2+ 62. Rb4 Qe2+ 63. Ka5 Qa2+ 64. Ra4 Qd2+ 65. Ka6 Qd3+ 66. Ka7 Qb3 67. d6+ Kc8 68. d7+ Kc7 69. d8=Q+ Kxd8 70. Ra6 Kc7 71. Ne8+ Kd8 72. Nd6 Kc7 73. Ra5 Qb8+ 74. Ka6 Qa8+ 75. Kb5 Qc6+ 76. Kc4 Qf3 77. Ra7+ Kc6 78. Ra6+ Kc7 79. Nb5+ Kb7 80. Rb6+ Kc8 81. c6 Qe4+ 82. Kc5 Qe3+ 83. Nd4 Qc3+ 84. Kd5 Qg3 85. Rb7 Qg2+ 86. Kc5 Qg1 87. Rxf7 Qc1+ 88. Kd5 Qh1+ 89. Kd6 Qh2+ 90. Kc5 Qh3 91. Rf8+ Kc7 92. Nb5# 1-0


[Site "https://www.chess.com"]

[Event "Titled Tuesday Blitz May 23 Early 2023"]
[White "Maltsevskaya, Aleksandra"]
[Black "Cordova, Emilio"]
[WhiteFideId "24174041"]
[BlackFideId "3801497"]
[WhiteElo "2302"]
[BlackElo "2607"]
[Result "1-0"]
[Round "11"]
[TimeControl "180+2"]
[Date "2023.05.23"]
[WhiteClock "0:00:27"]
[BlackClock "0:01:15"]

1. e4 c5 2. Nf3 b6 3. g3 Bb7 4. d3 e6 5. Bg2 Be7 6. O-O h5 7. Nc3 h4 8. a4 Nc6 9. Bf4 d6 10. gxh4 Nf6 11. Bg3 Nh5 12. Ne2 g6 13. c3 d5 14. exd5 Qxd5 15. Ne5 Qxg2+ 16. Kxg2 Nxe5+ 17. f3 Ng4 18. Qd2 Nh6 19. a5 b5 20. a6 Bc6 21. d4 Nf5 22. dxc5 Bxc5 23. Nd4 Rd8 24. Rad1 O-O 25. Be5 Rd5 26. Rfe1 Nxh4+ 27. Kh3 Bxd4 28. cxd4 Nxf3 29. Qh6 Rfd8 30. Qh8# 1-0


[Site "https://www.chess.com"]

[Event "Titled Tuesday Blitz May 23 Early 2023"]
[White "Timofeev, Artyom"]
[Black "Begmuratov, Alisher"]
[WhiteFideId "4140419"]
[BlackFideId "14203367"]
[WhiteElo "2586"]
[BlackElo "2387"]
[Result "1-0"]
[Round "11"]
[TimeControl "180+2"]
[Date "2023.05.23"]
[WhiteClock "0:01:13"]
[BlackClock "0:01:11"]

1. c4 c5 2. Nc3 Nc6 3. Nf3 g6 4. g3 Bg7 5. Bg2 b6 6. O-O Bb7 7. e3 Nf6 8. d4 cxd4 9. exd4 d5 10. Ne5 e6 11. Qa4 Rc8 12. cxd5 exd5 13. Bg5 O-O 14. Nxd5 Qxd5 15. Bxd5 Nxd5 16. Nxc6 Bxc6 17. Qb3 Bxd4 18. Rad1 Bf6 19. Rxd5 Bxd5 20. Qxd5 Bxb2 21. Rd1 Bg7 22. Be3 Bf6 23. Qb7 Rc2 24. Qxa7 Bg7 25. Bxb6 h5 26. h4 Re8 27. Be3 Rec8 28. a4 Ra2 29. a5 Rcc2 30. a6 Bf6 31. Qb8+ Kg7 32. a7 Rcb2 33. a8=Q 1-0


[Site "https://www.chess.com"]

[Event "Titled Tuesday Blitz May 23 Early 2023"]
[White "Salinas Herrera, Pablo"]
[Black "Tasev, Dejan"]
[WhiteFideId "3407128"]
[BlackFideId "936618"]
[WhiteElo "2546"]
[BlackElo "2244"]
[Result "1-0"]
[Round "11"]
[TimeControl "180+2"]
[Date "2023.05.23"]
[WhiteClock "0:02:41"]
[BlackClock "0:01:15"]

1. d4 Nf6 2. Nf3 e6 3. c4 d5 4. Nc3 Be7 5. Bf4 c6 6. e3 O-O 7. c5 Nbd7 8. Bd3 b6 9. b4 a5 10. a3 axb4 11. axb4 Rxa1 12. Qxa1 Bb7 13. O-O Qa8 14. Qb2 bxc5 15. bxc5 Qc8 16. Ra1 Nxc5 17. dxc5 Bxc5 18. Na4 Be7 19. Nb6 Qd8 20. Ra7 Bc8 21. Nxc8 Qxc8 22. Rxe7 c5 23. Rc7 Qa8 24. Rxc5 h6 25. h3 Ne4 26. Bxe4 dxe4 27. Nd4 1-0


[Site "https://www.chess.com"]

[Event "Titled Tuesday Blitz May 23 Early 2023"]
[White "Rostovtsev, Dmitry"]
[Black "Skliarov, Viktor"]
[WhiteFideId "34278320"]
[BlackFideId "14106736"]
[WhiteElo "2344"]
[BlackElo "2317"]
[Result "1-0"]
[Round "11"]
[TimeControl "180+2"]
[Date "2023.05.23"]
[WhiteClock "0:00:05"]
[BlackClock "0:00:05"]

1. e4 c5 2. Nf3 Nc6 3. d4 cxd4 4. Nxd4 Nf6 5. Nc3 e5 6. Ndb5 d6 7. Nd5 Nxd5 8. exd5 Nb8 9. Qf3 Be7 10. Qc3 Na6 11. Be3 b6 12. Qc6+ Bd7 13. Nxd6+ Kf8 14. Qc3 Bxd6 15. Bxa6 f5 16. O-O f4 17. Bd2 Qg5 18. Rfe1 Kf7 19. Qb3 Rhf8 20. Bb4 Bxb4 21. Qxb4 Bh3 22. Qe4 Kg8 23. Bf1 f3 24. Qxe5 Rf5 25. Qg3 fxg2 26. Bxg2 Bxg2 27. Kxg2 Rxd5 28. Rad1 Rad8 29. Rxd5 Rxd5 30. Qxg5 Rxg5+ 31. Kf1 Rb5 32. b3 Rc5 33. c4 a5 34. Re6 b5 35. cxb5 Rxb5 36. Re7 h5 37. Ke2 Kh7 38. Re6 g6 39. h4 Kg7 40. Ra6 Rf5 41. f3 Kf7 42. Ke3 Kg7 43. f4 Kf7 44. Ke4 Kg7 45. a4 Rc5 46. Rb6 Kf7 47. Kd4 Rf5 48. Ke4 Rc5 49. Rb5 Rc3 50. f5 gxf5+ 51. Kxf5 Rg3 52. Rxa5 Rxb3 53. Kg5 Kg7 54. Ra7+ Kh8 55. Kxh5 Rb6 56. a5 Rb5+ 57. Kg4 Rb8 58. a6 Rb4+ 59. Kg5 Rb5+ 60. Kf6 Rb6+ 61. Ke5 Rb5+ 62. Kd6 Rh5 63. Re7 Rh6+ 64. Re6 Rxh4 65. a7 Ra4 66. Re8+ Kg7 67. a8=Q Rd4+ 68. Kc5 Rd7 69. Rg8+ Kf6 70. Qf8+ Rf7 71. Qxf7+ Kxf7 72. Rg1 Ke6 73. Kd4 1-0


[Site "https://www.chess.com"]

[Event "Titled Tuesday Blitz May 23 Early 2023"]
[White "Jeet, Jain"]
[Black "Seo, Jung Min"]
[WhiteFideId "5073022"]
[BlackFideId "1734687"]
[WhiteElo "2067"]
[BlackElo "2468"]
[Result "1/2-1/2"]
[Round "11"]
[TimeControl "180+2"]
[Date "2023.05.23"]
[WhiteClock "0:00:02"]
[BlackClock "0:00:05"]

1. Nf3 Nf6 2. g3 b5 3. Bg2 Bb7 4. d4 e6 5. O-O c5 6. c3 h6 7. Nbd2 d5 8. Ne5 Nbd7 9. Nxd7 Qxd7 10. a4 b4 11. Re1 Be7 12. a5 O-O 13. Nf3 bxc3 14. bxc3 Ba6 15. Ne5 Qc7 16. Bf4 Bd6 17. c4 dxc4 18. Bxa8 Rxa8 19. Rc1 Nd5 20. Bd2 cxd4 21. Nxc4 Bxc4 22. Qa4 Rc8 23. Rc2 Nb6 24. axb6 axb6 25. Rb1 Kh7 26. Bc1 e5 27. Ba3 b5 28. Rxb5 Bxb5 29. Rxc7 Bxa4 30. Rxc8 Bxa3 31. Ra8 Bb5 32. Rxa3 Bxe2 33. Ra5 d3 34. Rd5 Kg6 35. f3 Kf6 36. Kf2 Ke6 37. Rd8 f5 38. Ke3 g5 39. Rh8 f4+ 40. gxf4 gxf4+ 41. Kd2 Bxf3 42. Rxh6+ Kf5 43. Kxd3 e4+ 44. Kd2 e3+ 45. Ke1 Bg4 46. Rh8 f3 47. Rf8+ Kg5 48. Rf7 Bf5 49. Rg7+ Kf4 50. Rf7 Kg5 51. Rf8 Kg6 52. h4 Be4 53. Rf4 Bd5 54. Rf8 Bb7 55. Rf4 Kh5 56. Kd1 f2 57. Rxf2 exf2 58. Ke2 Kxh4 59. Kxf2 1/2-1/2


[Site "https://www.chess.com"]

[Event "Titled Tuesday Blitz May 23 Early 2023"]
[White "Vakhlamov, Igor L."]
[Black "Hua, Lefong"]
[WhiteFideId "24126748"]
[BlackFideId "2602253"]
[WhiteElo "2407"]
[BlackElo "2640"]
[Result "1/2-1/2"]
[Round "11"]
[TimeControl "180+2"]
[Date "2023.05.23"]
[WhiteClock "0:00:23"]
[BlackClock "0:00:15"]

1. e4 c5 2. Nf3 g6 3. Nc3 Bg7 4. d4 cxd4 5. Nxd4 Nc6 6. Nxc6 bxc6 7. Bc4 d6 8. O-O Nf6 9. e5 dxe5 10. Qxd8+ Kxd8 11. Re1 e6 12. Rxe5 Nd5 13. Re2 Nxc3 14. bxc3 Bxc3 15. Rb1 Bf6 16. Be3 g5 17. Bd2 h6 18. Bb4 Be7 19. Rd2+ Ke8 20. Ba5 Kf8 21. Be2 Kg7 22. Bf3 Ba6 23. Rd7 Bd8 24. Bc3+ Bf6 25. Ba5 Bb5 26. h3 Rab8 27. Rxa7 Bc4 28. Rbb7 Rxb7 29. Rxb7 Bxa2 30. Bxc6 Rc8 31. Rc7 Rxc7 32. Bxc7 Bd5 33. Bb5 Bc3 34. f3 Kf6 35. Kf2 e5 36. Ke3 Ke6 37. Kd3 Be1 38. c4 Bb7 39. Bb6 f5 40. c5 e4+ 41. Ke2 Bg3 42. c6 Bc8 43. fxe4 fxe4 44. Ke3 Kd5 45. Ba4 Bf4+ 46. Ke2 h5 47. Be3 Ba6+ 48. Kf2 h4 49. c7 Bc8 50. Bb3+ Kd6 51. Bc2 Kxc7 52. Bxe4 Bxe3+ 53. Kxe3 Kd6 54. Kf3 Ke5 55. Bc6 Bf5 56. Kf2 Kf4 57. Bf3 g4 58. hxg4 Bxg4 59. Bd5 h3 60. g3+ Kg5 61. Kg1 Bd7 62. Kh2 Kg4 63. Be4 Kg5 64. Bd3 Be6 65. Be2 Bd7 66. Bf1 Be6 67. Bxh3 Bxh3 68. Kxh3 Kh5 69. Kg2 Kg4 70. Kf2 Kg5 71. Kf3 Kf5 72. g4+ Kg5 73. Kg3 Kg6 74. Kf4 Kf6 75. g5+ Kg6 76. Kg4 Kg7 77. Kf5 Kf7 78. Kf4 Kg6 79. Kg4 Kg7 80. Kh5 Kh7 81. g6+ Kg7 82. Kg5 Kg8 83. Kf6 Kf8 84. Kf5 Kg7 85. Kg4 Kxg6 1/2-1/2


[Site "https://www.chess.com"]

[Event "Titled Tuesday Blitz May 23 Early 2023"]
[White "koncheto"]
[Black "Stoleriu, George"]
[BlackFideId "1227505"]
[WhiteElo "2630"]
[BlackElo "2308"]
[Result "1-0"]
[Round "11"]
[TimeControl "180+2"]
[Date "2023.05.23"]
[WhiteClock "0:00:10"]
[BlackClock "0:00:02"]

1. e4 c6 2. d4 d5 3. Nc3 dxe4 4. Nxe4 Nf6 5. Nxf6+ exf6 6. c3 Bd6 7. Bd3 O-O 8. Ne2 Re8 9. O-O Nd7 10. Ng3 Nf8 11. f4 Bd7 12. f5 Qc7 13. Nh5 Bxh2+ 14. Kh1 Bd6 15. Qg4 Ng6 16. Qf3 Nf8 17. Bh6 gxh6 18. Qg4+ Ng6 19. Nxf6+ Kh8 20. Qh5 Bf4 21. Nxe8 Rxe8 22. fxg6 fxg6 23. Qf3 Bg5 24. Rae1 Qd8 25. Bc4 h5 26. Rxe8+ Qxe8 27. Qf8+ Qxf8 28. Rxf8+ Kg7 29. Rf7+ 1-0


[Site "https://www.chess.com"]